 Dungeon Crawl Stone Soup version 0.30-a0-743-gbfdf073431 (webtiles) character file.

Game seed: 225985971961210976

576963 Anon1729 the Invulnerable (level 25, -1/243 HPs)
             Began as a Minotaur Monk on Feb 6, 2023.
             Was an Initiate of Gozag.
             Killed from afar by an electric golem (39 damage)
             ... with a bolt of lightning
             ... on level 3 of the Realm of Zot on Feb 7, 2023.
             The game lasted 02:13:56 (72783 turns).

Anon1729 the Invulnerable (Minotaur Monk)          Turns: 72783, Time: 02:13:57

Health: -1/243     AC: 46    Str: 20    XL:     25   Next: 81%
Magic:  0/14       EV: 15    Int:  7    God:    Gozag
Gold:   12152      SH:  8    Dex: 24    Spells: 21/24 levels left

rFire   + + .      SeeInvis .    b - +6 demon blade (freeze)
rCold   + + +      Faith    .    (no shield)
rNeg    . . .      Spirit   +    I - +10 gold dragon scales
rPois   +          Reflect  .    (helmet restricted)
rElec   .          Harm     .    X - +1 cloak of Noughts and Crosses {+Inv Stlth+}
rCorr   .          Rampage  .    L - +2 pair of gloves of the Game Afoot {rC++ Will+ Regen+ Str-4 Dex-2}
Will    ++++.                    j - +0 pair of boots Stlth
                                 d - brooch of Shielding {Spirit SH+8}
HPRegen 1.40/turn                C - ring "Aseqomy" {Will+ MP-9 Str+7 Slay+4}
MPRegen 0.14/turn                k - ring of protection from fire

@: no status effects
A: horns 2, retaliatory headbutt, thin skeletal structure 1, strong-willed 1,
MP-powered wands
}: 3/15 runes: serpentine, barnacled, silver
a: Renounce Religion, Evoke Invisibility, Potion Petition, Call Merchant, Bribe
Branch


You were on level 3 of the Realm of Zot.
You worshipped Gozag.
Gozag was extremely pleased with you.
You visited 10 branches of the dungeon, and saw 48 of its levels.
You visited the Abyss 1 time.
You also visited: Volcano and Desolation.

You collected 26369 gold pieces.
You spent 3433 gold pieces at shops.
You paid 10784 gold pieces to Gozag.

Inventory:

Hand Weapons
 a - the +8 longbow "Zephyr" {speed, Dex+3 SInv}
   (You found it on level 4 of the Shoals)

   Dex:       It affects your dexterity (+3).
   SInv:      It lets you see invisible.
 b - a +6 demon blade of freezing (weapon)
 w - the +6 arbalest "Damnation" {damnation}
   (You found it on level 3 of the Elven Halls)
Missiles
 l - 7 throwing nets (quivered)
Armour
 h - the +2 hood of the Assassin {Detect Stab+ Stlth++}
   (You found it on level 3 of the Elven Halls)

   Detect:    It allows the wearer to sense nearby creatures.
   Stab+:     It allows the wearer to make particularly effective stabbing
   attacks against helpless or unaware enemies with any weapon.
   Stlth:     It makes you much more stealthy.
 j - a +0 pair of boots (worn)
 v - the +10 plate armour "Cunuithri" {rF+ rC+}
   (You found it on level 5 of the Dungeon)

   rF:        It protects you from fire.
   rC:        It protects you from cold.
 I - +10 gold dragon scales (worn)
 L - the +2 pair of gloves of the Game Afoot (worn) {rC++ Will+ Regen+ Str-4 Dex-2}
   (You found it on level 4 of the Shoals)

   Str:       It affects your strength (-4).
   Dex:       It affects your dexterity (-2).
   rC:        It greatly protects you from cold.
   Regen:     It increases your rate of health regeneration.
   Will:      It increases your willpower.
 Q - the +3 hat of Pondering {ponderous, Will+ MP+10 Int+5}
   (You found it on level 1 of the Lair of Beasts)

   Int:       It affects your intelligence (+5).
   MP:        It affects your magic capacity (+10).
   Will:      It increases your willpower.
 X - the +1 cloak of Noughts and Crosses (worn) {+Inv Stlth+}
   (You found it on level 4 of the Lair of Beasts)

   +Inv:      It lets you turn invisible.
   Stlth:     It makes you more stealthy.
Jewellery
 d - the brooch of Shielding (around neck) {Spirit SH+8}
   (You acquired it on level 2 of the Elven Halls)

   [amulet of guardian spirit]

   It causes incoming damage to be divided between your reserves of health and
   magic.
   SH:        It affects your SH (+8).
 k - a ring of protection from fire (right hand)
 C - the ring "Aseqomy" (left hand) {Will+ MP-9 Str+7 Slay+4}
   (You found it on level 3 of the Elven Halls)

   [ring of slaying]

   Str:       It affects your strength (+7).
   Slay:      It affects your accuracy & damage with ranged weapons and melee
   (+4).
   MP:        It affects your magic capacity (-9).
   Will:      It increases your willpower.
 J - the ring of Moderation {rCorr Dex+6}
   (You took it off a deep elf blademaster on level 3 of the Elven Halls)

   [ring of dexterity]

   Dex:       It affects your dexterity (+6).
   rCorr:     It protects you from acid and corrosion.
 R - the ring of Xom's Bemusement {rC+ rCorr MP+9 Int+2}
   (You found it in the Desolation of Salt)

   [ring of protection from cold]

   Int:       It affects your intelligence (+2).
   rC:        It protects you from cold.
   MP:        It affects your magic capacity (+9).
   rCorr:     It protects you from acid and corrosion.
Wands
 r - a wand of roots (2)
 u - a wand of flame (16)
 A - a wand of acid (4)
 E - a wand of polymorph (32)
 H - a wand of charming (46)
Scrolls
 i - 5 scrolls of vulnerability
 m - 13 scrolls of fear
 n - 9 scrolls of amnesia
 o - 7 scrolls of summoning
 p - 7 scrolls of poison
 s - 22 scrolls of teleportation
 t - 6 scrolls of magic mapping
 x - 8 scrolls of silence
 y - 3 scrolls of immolation
 F - 3 scrolls of fog
 S - 2 scrolls of enchant armour
 V - a scroll of blinking
Potions
 c - 7 potions of ambrosia
 e - 11 potions of might
 g - 5 potions of resistance
 q - 7 potions of brilliance
 z - 11 potions of lignification
 B - 5 potions of invisibility
 D - 5 potions of mutation
 K - 6 potions of magic
 M - 10 potions of haste
 N - 5 potions of cancellation
 P - 5 potions of berserk rage
 U - 5 potions of heal wounds
 W - 7 potions of flight
 Z - 12 potions of curing
Miscellaneous
 O - a condenser vane
 T - a phantom mirror


   Skills:
 + Level 23.4 Fighting
 - Level 21.4 Long Blades
 - Level 22.0 Ranged Weapons
 O Level 27 Armour
 + Level 16.3 Dodging
 * Level 9.8 Stealth
 - Level 2.0 Invocations
 * Level 16.9 Evocations


You had 21 spell levels left.
You knew the following spells:

 Your Spells              Type           Power      Damage    Failure   Level
a - Apportation           Tloc           0%         N/A       99%         1
b - Passwall              Tmut/Erth      0%         N/A       100%        2

Your spell library contained the following spells:

 Spells                   Type           Power      Damage    Failure   Level
 Beastly Appendage        Tmut           0%         N/A       99%         1
 Freeze                   Ice            0%         1d3       99%         1
 Necrotise                Necr           0%         1d4       99%         1
 Sandblast                Erth           0%         2d4       99%         1
 Shock                    Conj/Air       0%         1d3       99%         1
 Slow                     Hex            0%         N/A       99%         1
 Sting                    Tmut/Pois      0%         1d3       99%         1
 Summon Small Mammal      Summ           0%         N/A       99%         1
 Blink                    Tloc           0%         N/A       100%        2
 Cigotuvi's Dreadful Rot  Necr/Pois/Air  0%         N/A       100%        2
 Ensorcelled Hibernation  Hex/Ice        0%         N/A       100%        2
 Lesser Beckoning         Tloc           0%         N/A       100%        2
 Momentum Strike          Conj/Tloc      0%         3d8       100%        2
 Poisonous Vapours        Pois/Air       0%         N/A       100%        2
 Static Discharge         Conj/Air       0%         2-2/arc   100%        2
 Call Canine Familiar     Summ           0%         N/A       100%        3
 Confusing Touch          Hex            0%         N/A       100%        3
 Dazzling Flash           Conj/Hex       0%         N/A       100%        3
 Frozen Ramparts          Ice            0%         1d1       100%        3
 Gell's Gravitas          Tloc           0%         N/A       100%        3
 Hailstorm                Conj/Ice       0%         3d3       100%        3
 Ignite Poison            Fire/Tmut/Pois 0%         N/A       100%        3
 Inner Flame              Hex/Fire       0%         N/A       100%        3
 Mephitic Cloud           Conj/Pois/Air  0%         N/A       100%        3
 Portal Projectile        Hex/Tloc       0%         N/A       100%        3
 Spider Form              Tmut/Pois      0%         N/A       100%        3
 Stone Arrow              Conj/Erth      0%         3d7       100%        3
 Summon Guardian Golem    Hex/Summ       0%         N/A       100%        3
 Swiftness                Air            0%         N/A       100%        3
 Teleport Other           Tloc           0%         N/A       100%        3
 Tukima's Dance           Hex            0%         N/A       100%        3
 Vampiric Draining        Necr           0%         2d6       100%        3
 Vhi's Electric Charge    Tloc/Air       0%         N/A       100%        3
 Airstrike                Air            0%         2d(0-16)  100%        4
 Anguish                  Hex/Necr       0%         N/A       100%        4
 Animate Armour           Summ/Erth      0%         N/A       100%        4
 Cause Fear               Hex            0%         N/A       100%        4
 Dispel Undead            Necr           0%         3d6       100%        4
 Ice Form                 Ice/Tmut       0%         N/A       100%        4
 Iskenderun's Mystic Bla  Conj/Tloc      0%         2d3       100%        4
 Leda's Liquefaction      Hex/Erth       0%         N/A       100%        4
 Passage of Golubria      Tloc           0%         N/A       100%        4
 Petrify                  Tmut/Erth      0%         N/A       100%        4
 Sticky Flame             Conj/Fire      0%         2d3       100%        4
 Summon Ice Beast         Ice/Summ       0%         N/A       100%        4
 Summon Lightning Spire   Summ/Air       0%         N/A       100%        4
 Agony                    Necr           0%         N/A       100%        5
 Alistair's Intoxication  Tmut/Pois      0%         N/A       100%        5
 Blade Hands              Tmut           0%         N/A       100%        5
 Borgnjor's Vile Clutch   Necr/Erth      0%         N/A       100%        5
 Fireball                 Conj/Fire      0%         3d3       100%        5
 Iskenderun's Battlesphe  Conj           0%         2d6       100%        5
 Lee's Rapid Deconstruct  Erth           0%         3d4*      100%        5
 Lightning Bolt           Conj/Air       0%         1d11      100%        5
 Metabolic Englaciation   Hex/Ice        0%         N/A       100%        5
 Silence                  Hex/Air        0%         N/A       100%        5
 Summon Forest            Summ/Tloc      0%         N/A       100%        5
 Summon Mana Viper        Hex/Summ       0%         N/A       100%        5
 Conjure Ball Lightning   Conj/Air       0%         3x3d6     100%        6
 Death Channel            Necr           0%         N/A       100%        6
 Eringya's Noxious Bog    Tmut/Pois      0%         N/A       100%        6
 Iron Shot                Conj/Erth      0%         9d1       100%        6
 Starburst                Conj/Fire      0%         6d3       100%        6
 Statue Form              Tmut/Erth      0%         N/A       100%        6
 Summon Cactus Giant      Summ           0%         N/A       100%        6
 Monstrous Menagerie      Summ           0%         N/A       100%        7
 Orb of Destruction       Conj           0%         9d5       100%        7
 Spellforged Servitor     Conj/Summ      0%         N/A       100%        7
 Storm Form               Tmut/Air       0%         N/A       100%        7
 Summon Hydra             Summ           0%         N/A       100%        7
 Borgnjor's Revivificati  Necr           0%         N/A       100%        8
 Discord                  Hex            0%         N/A       100%        8
 Ignition                 Fire           0%         3d3       100%        8
 Infestation              Necr           0%         N/A       100%        8
 Lehudib's Crystal Spear  Conj/Erth      0%         10d2      100%        8
 Necromutation            Tmut/Necr      0%         N/A       100%        8
 Chain Lightning          Conj/Air       0%         N/A       100%        9
 Death's Door             Necr           0%         N/A       100%        9
 Animate Dead             Necr           Unusable   N/A       N/A         4

Dungeon Overview and Level Annotations

Branches:
Dungeon (15/15)            Temple (1/1) D:5            Lair (5/5) D:8
 Shoals (4/4) Lair:2        Snake (4/4) Lair:2        Slime (0/5) Lair:4
    Orc (2/2) D:12            Elf (3/3) Orc:2        Vaults (5/5) D:13
  Crypt (0/3) Vaults:3     Depths (4/4) D:15            Zot (5/5) Depths:4
Volcano (visited)         Desolation (visited)

Altars:
Ashenzari
Cheibriados
Dithmenos
Elyvilon
Fedhas
Gozag
Hepliaklqana
Kikubaaqudgha
Makhleb
Nemelex Xobeh
Okawaru
Qazlal
Ru
Sif Muna
Trog
Uskayaw
Vehumet
Wu Jian
Xom
Yredelemnul
Zin
The Shining One
Jiyva

Shops:
D:10 :   D:14 :   Orc:2 :*:   Elf:1 (   Elf:2 [   Snake:2 (   Snake:3 [
Snake:4 :   Vaults:4 [   Vaults:5 *   Depths:1 *[:   Depths:4 =:=

Portals:
Hell: Depths:1 Depths:2 Depths:3 Depths:4
Abyss: Depths:3
Pandemonium: Depths:2 Depths:4
Ziggurat: Depths:3
Trove: Depths:1 (give 11 potions of heal wounds)

Annotations:
Lair:4 3 runed translucent doors, Lutah's ghost, journeyman DgEE
Shoals:2 3 runed translucent doors, Icwoexe's ghost, adept DrCj; Rivvoal's ghost, adept GnFi; Xenophilius's ghost, adept DEHu; Xiwoan's ghost, adept GnFi
Vaults:1 3 runed translucent doors, exclusion: 2 doors, Nizokhlo's ghost, veteran DrCj
Depths:3 2 transporters, exclusion: obsidian statue
Zot:3 2 transporters, exclusion: 3 orange crystal statues, jt's ghost, legendary OgRe


Innate Abilities, Weirdness & Mutations

You have a pair of horns on your head.
You reflexively headbutt those who attack you in melee.
You have a somewhat thin skeletal structure. (Dex +2, Stealth+)
You are strong-willed. (Will+)
You expend magic power (3 MP) to strengthen your wands.


Message History

The electric golem is severely damaged.
The electric golem blinks!
Aiming: Fastroot
Press: ? - help, Shift-Dir - straight line, f - you The roots erupt in riotous growth!
Aiming: Corrosive Bolt
Press: ? - help, Shift-Dir - straight line, f - electric golem
Aim: an electric golem (severely damaged, 46% to hit)
The bolt of acid misses the electric golem.
The electric golem hurls lightning at you.
The bolt of lightning hits you!!
* * * LOW HITPOINT WARNING * * *
Aiming: Corrosive Bolt
Press: ? - help, Shift-Dir - straight line, f/p - electric golem
Aim: an electric golem (severely damaged, 46% to hit)
The bolt of acid misses the electric golem.
The electric golem blinks!
Aiming: Corrosive Bolt
Press: ? - help, Shift-Dir - straight line, f/p - electric golem
Aim: an electric golem (severely damaged, 50% to hit)
The bolt of acid hits the electric golem!!
The electric golem is severely damaged.
You slash the electric golem! You freeze the electric golem.
You headbutt the electric golem.
The electric golem is almost destroyed.
The electric golem hits you but does no damage.
You block the electric golem's attack.
The electric golem hits you but does no damage.
You block the electric golem's attack.
You miss the electric golem.
The electric golem is almost destroyed.
You block the electric golem's attack. x2; The electric golem misses you.
The electric golem hits you but does no damage.
You slash the electric golem! You freeze the electric golem.
Your headbutt misses the electric golem.
The electric golem is almost destroyed.
The electric golem hurls lightning at you.
The bolt of lightning hits you!!!
You die...
Your body crumbles into a pile of gold.

#©#©....###>.##..##..##..#
#y#....###...##..##..##.^#
.##...###...###..##..##..#
##...###<..###.).##..##..#
#...###...###...###..##..#
...###.....#....[#...##.^#
..###...#.....#.....###..#
####...###...###9>.###...#
###...###...###.@.###...##
.....###...###...###...##
....###...###..[## ##.##
######...###...#### ###
#####...## ##.###.##
.......#### ####...#
.....=###.## ##...##
########...###...##
#######...###...##


You could see an electric golem.

Vanquished Creatures
  A dread lich (Vaults:5)
  5 orbs of fire
  An ancient lich (Vaults:4)
  Frederick (Vaults:3)
  Vashnia (Snake:2)
  4 curse toes
  Saint Roka (Snake:2)
  4 caustic shrikes (Depths:4)
  The ghost of Xiuhytzi the Slayer, an adept MiFi of Cheibriados (Zot:4)
  3 golden dragons
  4 liches
  Zenata (Elf:1)
  Jorgrun (Elf:1)
  3 quicksilver dragons
  12 tentacled monstrosities
  Asterion (Snake:4)
  3 deep elf blademasters
  2 krakens
  2 deep elf master archers (Elf:3)
  A walking frostbound tome (Zot:3)
  A titan (Vaults:5)
  5 tentacled starspawn (Abyss:3)
  5 death cobs
  4 sphinxes
  Polyphemus (Shoals:3)
  7 tengu reavers
  2 revenants (Depths:2)
  9 storm dragons
  14 nagarajas
  2 shadow dragons
  Donald (Elf:1)
  3 draconian knights
  Roxanne (Elf:3)
  7 fire giants
  3 narguns
  Ilsuiw (Shoals:4)
  6 draconian monks
  3 draconian scorchers
  Aizul (Snake:1)
  2 iron dragons
  A spectral juggernaut (Depths:2)
  A ghoul (Vaults:3)
  7 frost giants
  5 deep elf sorcerers
  2 imperial myrmidons (Desolation)
  A ghost moth (Zot:4)
  8 vault wardens
  A balrug (Depths:4)
  A spectral caustic shrike (Depths:2)
  2 draconian shifters
  3 deep elf elementalists (Elf:3)
  3 draconian annihilators (Zot:3)
  Louise (Depths:3)
  2 draconian stormcallers
  29 very ugly things
  2 ironbound thunderhulks
  A caustic shrike skeleton (Depths:2)
  A war gargoyle (Vaults:4)
  16 ironbound preservers
  15 stone giants
  2 grey draconians (Depths:4)
  2 red draconians
  3 vampire knights
  3 black draconians
  6 deep elf demonologists
  8 purple draconians
  4 spark wasps (Depths:4)
  4 green draconians
  6 yellow draconians
  6 white draconians
  3 halazid warlocks (Desolation)
  12 dire elephants
  6 deep elf annihilators
  11 ettins
  5 crystal guardians
  5 merfolk impalers
  6 deep elf death magi
  4 fire dragons
  An entropy weaver (Vaults:5)
  8 deep elf high priests
  9 merfolk javelineers (Shoals:4)
  8 ragged hierophants (Desolation)
  3 spectral golden dragons (Depths:2)
  2 jiangshi (Depths:2)
  8 great orbs of eyes
  2 caustic shrike simulacra (Depths:2)
  4 hell beasts
  A spectral shadow dragon (Depths:2)
  2 rakshasas
  A great orb of eyes (shapeshifter) (D:13)
  13 yaktaur captains
  26 vault guards
  A salamander tyrant (Snake:2)
  7 peacekeepers
  A spectral sphinx (Depths:2)
  2 catoblepae
  11 centaur warriors
  9 ice dragons
  2 spriggan air magi
  5 boulder beetles
  4 servants of whispers (Desolation)
  3 ogre magi
  2 juggernaut simulacra (Depths:2)
  7 anacondas
  4 merfolk avatars
  6 hydras
  8 ironbound frosthearts
  A boulder beetle (shapeshifter) (Abyss:3)
  2 alligator snapping turtles (Shoals:4)
  A death knight (D:13)
  32 dancing weapons
  8 tengu warriors
  A satyr (Shoals:3)
  5 merfolk aquamancers
  11 deep troll shamans
  12 two-headed ogres
  18 naga warriors
  3 death yaks (Shoals:3)
  2 orc high priests
  4 deep troll earth magi
  6 vampire magi
  4 shock serpents
  11 deep elf knights
  A thrashing horror (Abyss:3)
  22 naga sharpshooters
  3 spriggan berserkers
  Urug (Lair:2)
  3 spriggans
  2 sun demons (Depths:4)
  13 hell knights
  4 shadow wraiths (Depths:2)
  5 skeletal warriors (D:14)
  4 salamander mystics
  18 sea snakes
  4 iron trolls
  A sixfirhy (Abyss:3)
  53 deep trolls
  4 flayed ghosts
  2 glowing orange brains
  12 ironbound convokers
  4 deep elf archers
  7 wizards
  7 lindwurms
  6 naga ritualists
  7 necromancers
  14 orc knights (Orc:2)
  25 deep elf zephyrmancers
  A stone giant zombie (Vaults:1)
  8 phantasmal warriors
  A mana viper (shapeshifter) (Vaults:4)
  27 harpies
  2 frost giant zombies
  17 manticores
  A sphinx zombie (Depths:2)
  18 starcursed masses (Abyss:3)
  39 deep elf pyromancers
  2 wolf spiders
  7 mana vipers
  4 orc sorcerers
  14 cyclopes
  16 fauns
  2 tengu skeletons
  50 ugly things
  5 large abominations (Abyss:3)
  15 moths of wrath
  12 salamanders
  15 elephants
  A fire giant zombie (Vaults:4)
  A worldbinder (Abyss:3)
  A centaur zombie (D:15)
  15 merfolk sirens
  A sphinx skeleton (Vaults:1)
  6 guardian serpents
  17 naga magi
  19 vault sentinels
  2 molten gargoyles (Volcano)
  24 black mambas
  An apocalypse crab (Abyss:3)
  6 water nymphs
  A centaur skeleton (D:15)
  A frost giant skeleton (Depths:2)
  3 smoke demons (Abyss:3)
  An orange demon (Abyss:3)
  Maggie (Lair:1)
  4 gargoyles
  12 cane toads
  A spectral glowing shapeshifter (Depths:2)
  6 freezing wraiths
  8 komodo dragons
  Psyche (D:11)
  A kobold demonologist (D:6)
  5 rime drakes
  3 efreet
  13 yaktaurs
  2 golden dragon simulacra (Depths:2)
  2 merfolk (shapeshifter)
  A meliai (shapeshifter) (Vaults:4)
  3 tengu conjurers
  15 trolls
  3 polar bears
  2 polar bears (shapeshifter)
  26 merfolk
  A meliai (D:13)
  A hellwing (Abyss:3)
  4 wind drakes
  5 hornets
  A tarantella (Lair:1)
  21 dream sheep
  46 saltlings
  15 blink frogs
  18 snapping turtles
  24 slime creatures
  4 air elementals
  A vampire (D:12)
  3 flying skulls
  2 shadows
  28 yaks
  14 water elementals
  3 jumping spiders (Lair:1)
  3 small abominations (Abyss:3)
  2 wraiths
  8 wyverns
  4 golden eyes (Abyss:3)
  3 fire bats
  A chaos spawn (Abyss:3)
  A steam dragon (shapeshifter) (D:13)
  5 fire elementals
  4 redbacks (Vaults:5)
  4 vampire mosquitoes
  5 basilisks
  5 steam dragons
  5 wargs
  52 nagas
  10 water moccasins
  8 acid dragons
  A swamp drake (D:12)
  25 orc warriors
  A hornet zombie (D:15)
  3 sky beasts
  Duvessa (D:7)
  An ice beast (D:8)
  2 black bears
  5 boggarts
  8 ogres
  15 wolves
  13 centaurs
  10 kobold brigands
  A human zombie (Vaults:4)
  Blork the orc (D:6)
  13 bullfrogs
  A necrophage (D:4)
  3 earth elementals
  A gnoll sergeant (D:13)
  5 scorpions
  A wight (D:7)
  Dowan (D:7)
  5 killer bees (D:9)
  5 howler monkeys
  An oklob sapling (D:5)
  6 electric eels
  5 lava snakes
  A quasit (Abyss:3)
  3 hounds
  6 jellies
  8 orc priests
  Jessica (D:2)
  A gnoll bouda (D:9)
  Ijyb (D:5)
  2 iguanas (D:5)
  21 orc wizards
  13 gnolls
  5 adders
  3 white imps
  2 ufetubi (D:6)
  A worm (shapeshifter) (Vaults:5)
  2 worms
  2 dart slugs
  46 orcs
  9 ball pythons
  5 endoplasms
  A giant cockroach (D:1)
  12 goblins
  14 hobgoblins
  28 kobolds
  4 quokkas
  6 bats
  4 frilled lizards
  9 rats
  A pillar of salt (Vaults:3)
  2 starspawn tentacles (Abyss:3)
  7 tentacles
1961 creatures vanquished.

Vanquished Creatures (collateral kills)
  A fire giant (Depths:4)
  A deep elf sorcerer (Elf:3)
  An ice dragon (Depths:4)
  2 hellions (Elf:3)
5 creatures vanquished.

Vanquished Creatures (others)
  A merfolk aquamancer (Shoals:4)
  2 wizards
  A mana viper (Snake:2)
  A merfolk siren (Shoals:4)
  An unseen horror (D:12)
  A tengu conjurer (Depths:2)
  A golden eye (Abyss:3)
  A boggart (Vaults:1)
  2 orc wizards
  19 fungi
  3 pillars of salt (Orc:2)
  101 plants
  10 starspawn tentacles (Abyss:3)
  15 tentacles
  2 withered plants (Shoals:2)
161 creatures vanquished.

Grand Total: 2127 creatures vanquished

Notes
Turn   | Place    | Note
-------+----------+-------------------------------------------
     0 | D:1      | Anon1729 the Minotaur Monk began the quest for the Orb.
     0 | D:1      | Reached XP level 1. HP: 19/19 MP: 0/0
   252 | D:1      | Reached XP level 2. HP: 23/27 MP: 1/1
   780 | D:1      | Reached XP level 3. HP: 33/33 MP: 2/2
  1069 | D:2      | Reached skill level 1 in Armour
  1300 | D:2      | Noticed Jessica
  1309 | D:2      | Killed Jessica
  1310 | D:2      | Reached XP level 4. HP: 27/40 MP: 3/3
  1726 | D:2      | Reached skill level 1 in Invocations
  2192 | D:3      | Found a faded altar of an unknown god.
  2354 | D:3      | Prayed at the altar of an unknown god.
  2354 | D:3      | Became a worshipper of Gozag Ym Sagoz the Greedy
  2570 | D:3      | Reached skill level 5 in Long Blades
  2570 | D:3      | Reached XP level 5. HP: 45/46 MP: 4/4
  2903 | D:3      | Found an ornate altar of the Wu Jian Council.
  2915 | D:3      | Found an ancient bone altar of Kikubaaqudgha.
  3115 | D:4      | Reached skill level 2 in Armour
  3555 | D:4      | Reached XP level 6. HP: 48/53 MP: 6/6
  3952 | D:4      | HP: 1/53 [gnoll/+0 halberd (12)]
  4352 | D:5      | Entered Level 5 of the Dungeon
  4371 | D:5      | Reached skill level 3 in Armour
  4493 | D:5      | Reached XP level 7. HP: 14/60 MP: 7/7
  4730 | D:5      | Reached skill level 5 in Fighting
  4737 | D:5      | Noticed Ijyb
  4745 | D:5      | Killed Ijyb
  4953 | D:5      | Identified the +10 plate armour "Cunuithri" {rF+ rC+}
  5110 | D:5      | Found a staircase to the Ecumenical Temple.
  5905 | Temple   | Entered the Ecumenical Temple
  6253 | D:5      | Reached skill level 4 in Armour
  6363 | D:6      | Reached skill level 5 in Dodging
  6433 | D:6      | Reached XP level 8. HP: 62/70 MP: 8/8
  6526 | D:6      | Reached skill level 5 in Armour
  6773 | D:6      | Noticed a kobold demonologist
  6801 | D:6      | Killed a kobold demonologist
  6802 | D:6      | Reached skill level 6 in Armour
  6845 | D:6      | Reached XP level 9. HP: 30/78 MP: 9/9
  7006 | D:6      | Found the +7 Throatcutter {drain, coup de grace}
  7258 | D:6      | Noticed Blork the orc
  7261 | D:6      | Reached skill level 7 in Armour
  7272 | D:6      | Killed Blork the orc
  7932 | D:7      | Found a blossoming altar of Fedhas.
  7999 | D:7      | Found a radiant altar of Vehumet.
  8001 | D:7      | Found a sparkling altar of Nemelex Xobeh.
  8007 | D:7      | Found a broken altar of Ashenzari.
  8011 | D:7      | Found a sacrificial altar of Ru.
  8027 | D:7      | Found a hazy altar of Hepliaklqana.
  8031 | D:7      | Found an opulent altar of Gozag.
  8238 | D:7      | Noticed Dowan
  8241 | D:7      | Killed Dowan
  8246 | D:7      | Noticed Duvessa
  8253 | D:7      | Killed Duvessa
  8254 | D:7      | Reached skill level 8 in Armour
  8285 | D:7      | Found a hide-covered altar of Uskayaw.
  8618 | D:8      | Found a staircase to the Lair.
  8635 | D:8      | Reached skill level 10 in Long Blades
  9144 | D:8      | Reached skill level 9 in Armour
  9333 | D:9      | Noticed a two-headed ogre
  9339 | D:9      | Killed a two-headed ogre
  9340 | D:9      | Reached XP level 10. HP: 80/88 MP: 10/10
  9612 | D:9      | Found a stormy altar of Qazlal.
  9845 | D:9      | Noticed a boulder beetle
  9887 | D:9      | Killed a boulder beetle
  9888 | D:9      | Reached skill level 10 in Armour
  9927 | D:10     | Entered Level 10 of the Dungeon
 10128 | D:10     | Found Hunain's Book Shoppe.
 10160 | D:10     | Noticed a manticore
 10165 | D:10     | Killed a manticore
 10205 | D:10     | Reached skill level 11 in Armour
 10315 | D:10     | Reached XP level 11. HP: 93/97 MP: 11/11
 10648 | D:11     | Noticed a two-headed ogre
 10655 | D:11     | Killed a two-headed ogre
 10725 | Lair:1   | Entered Level 1 of the Lair of Beasts
 10812 | Lair:1   | Noticed Maggie
 10823 | Lair:1   | Killed Maggie
 11316 | Lair:1   | Found a runed translucent door.
 11316 | Lair:1   | Found the +3 hat of Pondering {ponderous, Will+ MP+10
                  | Int+5}
 11353 | Lair:1   | Reached skill level 12 in Armour
 11443 | Lair:1   | Found a runed translucent gate.
 11443 | Lair:1   | Found a runed translucent gate.
 11443 | Lair:1   | Found a runed translucent gate.
 11443 | Lair:1   | Found a runed translucent gate.
 11443 | Lair:1   | Found a runed translucent gate.
 11443 | Lair:1   | Found a runed translucent gate.
 11443 | Lair:1   | Noticed a boulder beetle
 11443 | Lair:1   | Noticed a lindwurm
 11459 | Lair:1   | Killed a boulder beetle
 11476 | Lair:1   | Killed a lindwurm
 11488 | Lair:1   | Identified the ring "Witaucs" {*Slow Fly rElec rF+ Slay-5}
 11616 | Lair:2   | Noticed a five-headed hydra
 11736 | Lair:2   | Noticed a seven-headed hydra
 11748 | Lair:1   | Killed a one-headed hydra
 11749 | Lair:1   | Reached skill level 10 in Fighting
 11801 | Lair:2   | Found a staircase to the Snake Pit.
 11998 | Lair:2   | Reached XP level 12. HP: 85/106 MP: 12/12
 12009 | Lair:2   | Reached skill level 13 in Armour
 12009 | Lair:2   | Found a staircase to the Shoals.
 12098 | Lair:2   | Noticed Urug
 12115 | Lair:2   | Killed Urug
 12686 | Lair:2   | Killed a one-headed hydra
 12687 | Lair:2   | Reached skill level 10 in Dodging
 12949 | Lair:3   | Reached skill level 14 in Armour
 12957 | Lair:3   | Reached skill level 15 in Long Blades
 13381 | Lair:3   | Noticed a boulder beetle
 13398 | Lair:3   | Killed a boulder beetle
 13732 | Lair:4   | Found a staircase to the Slime Pits.
 13760 | Lair:4   | Found a burning altar of Makhleb.
 13969 | Lair:4   | Noticed a five-headed hydra
 13982 | Lair:4   | Killed a one-headed hydra
 13988 | Lair:4   | Identified the +1 cloak of Noughts and Crosses {+Inv
                  | Stlth+}
 14178 | Lair:4   | Reached XP level 13. HP: 108/116 MP: 13/13
 14379 | Lair:4   | Found a runed translucent gate.
 14379 | Lair:4   | Found a runed translucent gate.
 14379 | Lair:4   | Found a runed translucent gate.
 14381 | Lair:4   | Noticed a minotaur
 14388 | Lair:4   | Noticed Lutah's ghost (journeyman DgEE)
 15108 | Lair:5   | Entered Level 5 of the Lair of Beasts
 15128 | Lair:5   | Reached skill level 15 in Armour
 16103 | Lair:5   | Reached skill level 16 in Armour
 17562 | D:11     | Reached XP level 14. HP: 127/127 MP: 14/14
 17614 | D:11     | Identified the ring "Gocai" {Int+6 Stlth+}
 17823 | D:11     | Noticed Psyche
 17837 | D:11     | Killed Psyche
 18110 | D:12     | Found a shadowy altar of Dithmenos.
 18345 | D:12     | You fall into a shaft and drop 3 floors!
 18345 | D:15     | Entered Level 15 of the Dungeon
 18844 | D:15     | Reached skill level 17 in Armour
 19406 | D:15     | Got Mibykh's Guidebook on Weather
 19657 | D:15     | Found a staircase to the Depths.
 20149 | D:14     | Found Odootwit's Book Emporium.
 20465 | D:14     | Found a stormy altar of Qazlal.
 20619 | D:14     | Reached XP level 15. HP: 116/137 MP: 15/15
 20678 | D:14     | Reached skill level 18 in Armour
 21526 | D:13     | Found a gate to the Vaults.
 22376 | D:12     | Found a staircase to the Orcish Mines.
 23204 | Orc:1    | Entered Level 1 of the Orcish Mines
 23294 | Orc:2    | Entered Level 2 of the Orcish Mines
 23561 | Orc:2    | Found a dark tunnel.
 23692 | Volcano  | Entered a volcano
 23898 | Volcano  | Found a bloodstained altar of Trog.
 23906 | Volcano  | Reached skill level 19 in Armour
 24238 | Orc:2    | Found a staircase to the Elven Halls.
 24467 | Orc:2    | Found Jiuxt's Book Shoppe.
 24535 | Orc:2    | Found Fathryon's Book Shoppe.
 24623 | Orc:2    | Found Annevepu's General Store.
 24629 | Orc:2    | Bought a potion of haste for 150 gold pieces
 24629 | Orc:2    | Bought a wand of roots (1) for 36 gold pieces
 24753 | Orc:2    | Found Fyclionu's Assorted Antiques.
 25226 | Shoals:1 | Entered Level 1 of the Shoals
 25460 | Lair:2   | Reached XP level 16. HP: 135/147 MP: 16/16
 25639 | Shoals:1 | Found Jean Lyo's Magic Scroll Shop.
 25660 | Shoals:1 | Reached skill level 1 in Evocations
 25717 | Shoals:1 | Bought a scroll of amnesia for 52 gold pieces
 25717 | Shoals:1 | Bought a scroll of identify for 26 gold pieces
 25717 | Shoals:1 | Bought a scroll of teleportation for 39 gold pieces
 25717 | Shoals:1 | Bought 2 scrolls of identify for 52 gold pieces
 25717 | Shoals:1 | Bought a scroll of enchant armour for 97 gold pieces
 25717 | Shoals:1 | Bought a scroll of silence for 123 gold pieces
 25717 | Shoals:1 | Bought a scroll of fog for 52 gold pieces
 27012 | Shoals:2 | Noticed a kraken
 27032 | Shoals:2 | Killed a kraken
 27426 | Shoals:2 | HP: 7/147 [faun/sling bullet (3)]
 27440 | Shoals:2 | Reached skill level 15 in Fighting
 27730 | Shoals:2 | Reached skill level 20 in Armour
 27744 | Shoals:2 | Found a runed translucent gate.
 27745 | Shoals:2 | Found a runed translucent gate.
 27746 | Shoals:2 | Found a runed translucent gate.
 27746 | Shoals:2 | Noticed Xenophilius's ghost (adept DEHu)
 27748 | Shoals:2 | Noticed Xiwoan's ghost (adept GnFi)
 27749 | Shoals:2 | Noticed Icwoexe's ghost (adept DrCj)
 27750 | Shoals:2 | Noticed Rivvoal's ghost (adept GnFi)
 29300 | Shoals:3 | Noticed a kraken
 29343 | Shoals:3 | Killed a kraken
 30005 | Shoals:3 | Noticed Polyphemus
 30019 | Shoals:3 | Killed Polyphemus
 30407 | Shoals:4 | Entered Level 4 of the Shoals
 30832 | Shoals:4 | Noticed Ilsuiw
 30848 | Shoals:4 | Killed Ilsuiw
 31113 | Shoals:4 | Reached XP level 17. HP: 55/156 MP: 17/17
 31723 | Shoals:4 | Found the +8 longbow "Zephyr" {speed, Dex+3 SInv}
 32300 | Shoals:4 | Identified the +2 pair of gloves of the Game Afoot {rC++
                  | Will+ Regen+ Str-4 Dex-2}
 32824 | Orc:2    | Bought a manual of Ranged Weapons for 1280 gold pieces
 33270 | Shoals:4 | Reached skill level 1 in Ranged Weapons
 33647 | Shoals:4 | Reached skill level 21 in Armour
 34476 | Shoals:4 | HP: 4/158 [merfolk javelineer/silver javelin (5)]
 35492 | Shoals:4 | Got a barnacled rune of Zot
 35883 | Elf:1    | Entered Level 1 of the Elven Halls
 35900 | Elf:1    | Reached skill level 5 in Ranged Weapons
 36554 | Elf:1    | Noticed Donald
 36568 | Elf:1    | Killed Donald
 36931 | Elf:1    | Noticed Jorgrun
 36943 | Elf:1    | Killed Jorgrun
 36944 | Elf:1    | Reached skill level 10 in Ranged Weapons
 37066 | Elf:1    | Paralysed by an air elemental for 1 turns
 37615 | Elf:1    | Noticed Zenata
 37873 | Elf:1    | Found Dulor's Antique Weapon Shoppe.
 38022 | Elf:2    | Found Gais's Armour Shop.
 38346 | Elf:2    | Found a runed translucent gate.
 38346 | Elf:2    | Found a runed translucent gate.
 38346 | Elf:2    | Found a runed translucent gate.
 38659 | Elf:2    | Paralysed by an air elemental for 1 turns
 38731 | Elf:2    | Identified the +12 chain mail of the Desert {Rampage rPois
                  | Will+ Dex-5}
 38905 | Elf:2    | Noticed a deep elf blademaster
 38924 | Elf:2    | Killed a deep elf blademaster
 39116 | Elf:2    | Reached XP level 18. HP: 133/166 MP: 18/18
 39218 | Elf:2    | Reached skill level 15 in Ranged Weapons
 40026 | Elf:2    | Identified a scroll of acquirement
 40026 | Elf:2    | Acquired the brooch of Shielding {Spirit SH+8}
 40026 | Elf:2    | Found the brooch of Shielding {Spirit SH+8}
 40495 | Elf:1    | Killed Zenata
 40611 | Elf:3    | Entered Level 3 of the Elven Halls
 40611 | Elf:3    | Identified Roxanne's Discourse on the Shapeshifter
 40611 | Elf:3    | Noticed Roxanne
 40637 | Elf:3    | Killed Roxanne
 40692 | Elf:3    | Paralysed by an air elemental for 1 turns
 41044 | Elf:3    | Paralysed by an air elemental for 1 turns
 41268 | Elf:3    | Found the +6 arbalest "Damnation" {damnation}
 41911 | Elf:3    | Noticed a Hell Sentinel
 42238 | Elf:3    | Identified the ring of Moderation {rCorr Dex+6}
 42633 | Elf:3    | Found the +2 hood of the Assassin {Detect Stab+ Stlth++}
 42668 | Elf:3    | Identified the +11 long sword of Discretion {heavy, Dex+4}
 42671 | Elf:3    | Identified the ring "Aseqomy" {Will+ MP-9 Str+7 Slay+4}
 42673 | Elf:3    | Identified the ring of Ebiadep {rF+ MP+9}
 42678 | Elf:3    | Identified the +8 morningstar "Qafihosea" {spect, rN+++
                  | Will- rCorr Stlth-}
 42955 | Elf:3    | Identified the +3 mace "Suihew" {drain, rElec rN+ Str+3}
 42987 | Elf:3    | Identified the +0 leather armour of Ziguim {-Tele rPois
                  | Str-2 SInv}
 43138 | Elf:3    | Got the Omnibus of Flinty Gloom
 43676 | Snake:1  | Entered Level 1 of the Snake Pit
 44871 | Snake:2  | Found Pufoomit's Weapon Boutique.
 44955 | Snake:2  | Noticed Vashnia
 45043 | Snake:2  | Noticed Aizul
 45106 | Snake:2  | Reached skill level 5 in Evocations
 45135 | Snake:1  | Killed Aizul
 45206 | Snake:2  | Reached XP level 19. HP: 172/172 MP: 19/19
 45265 | Snake:2  | Identified the +0 plate armour of Shadows and Fog {rC+
                  | Will+}
 45453 | Snake:2  | Killed Vashnia
 45581 | Snake:2  | Noticed Saint Roka
 45694 | Snake:2  | Killed Saint Roka
 46847 | Snake:3  | Found Fuats's Antique Armour Boutique.
 47394 | Snake:3  | Identified the +3 chain mail of a volcano {rElec rPois
                  | rCorr}
 47478 | Snake:4  | Entered Level 4 of the Snake Pit
 47496 | Snake:4  | Reached skill level 22 in Armour
 48297 | Snake:4  | Found Subbel's Book Shop.
 49154 | Snake:4  | Noticed Asterion
 49177 | Snake:4  | Killed Asterion
 50347 | Snake:4  | Got a serpentine rune of Zot
 50641 | Vaults:1 | Entered Level 1 of the Vaults
 50873 | Vaults:1 | Reached XP level 20. HP: 183/184 MP: 20/20
 51438 | Vaults:1 | Found a runed translucent gate.
 51438 | Vaults:1 | Found a runed translucent gate.
 51438 | Vaults:1 | Found a runed translucent gate.
 51438 | Vaults:1 | Noticed Nizokhlo's ghost (veteran DrCj)
 51953 | Vaults:1 | Found a viscous altar of Jiyva.
 52554 | Vaults:2 | Reached skill level 23 in Armour
 53117 | Vaults:2 | Identified the +1 battleaxe of Oenomania {freeze, rElec
                  | rPois rC- Dex+4}
 53121 | Vaults:2 | Identified the +7 battleaxe of Nemelex Xobeh {distort,
                  | Fragile rN+++ Will++ Int-2}
 53432 | Vaults:2 | Found Ohobatt's Distillery.
 53440 | Vaults:2 | Bought a potion of cancellation for 128 gold pieces
 53440 | Vaults:2 | Bought a potion of might for 64 gold pieces
 53440 | Vaults:2 | Bought a potion of curing for 48 gold pieces
 53440 | Vaults:2 | Bought a potion of might for 64 gold pieces
 53440 | Vaults:2 | Bought a potion of mutation for 128 gold pieces
 53440 | Vaults:2 | Bought a potion of might for 64 gold pieces
 53440 | Vaults:2 | Bought a potion of curing for 48 gold pieces
 53440 | Vaults:2 | Bought a potion of haste for 160 gold pieces
 53440 | Vaults:2 | Bought a potion of might for 64 gold pieces
 53861 | Vaults:3 | Found a staircase to the Crypt.
 53929 | Vaults:3 | Found a crumbling gateway.
 53939 | Desolati | Entered the Desolation of Salt
 54061 | Desolati | HP: 2/255 [servant of whispers/+0 quarterstaff (15)]
 54216 | Desolati | Identified the ring of Xom's Bemusement {rC+ rCorr MP+9
                  | Int+2}
 54728 | Desolati | Got Zivaz's Commentary on the Blasted Vector
 54904 | Desolati | Identified the amulet of the Genius {RegenMP -Tele rF+
                  | Int+2 Dex+2}
 55270 | Vaults:3 | Noticed Frederick
 55295 | Vaults:3 | Killed Frederick
 55296 | Vaults:3 | Reached XP level 21. HP: 182/196 MP: 19/21
 55322 | Vaults:3 | Reached skill level 10 in Evocations
 56835 | Vaults:4 | Found Tump's Armour Boutique.
 56886 | Vaults:4 | Reached skill level 24 in Armour
 58273 | Depths:1 | Entered Level 1 of the Depths
 58309 | Depths:1 | Found Emio's General Store.
 58325 | Depths:1 | Found Nierhisa's Book Shoppe.
 58325 | Depths:1 | Found Tur Bopou's Book Emporium.
 58330 | Depths:1 | Bought a scroll of summoning for 142 gold pieces
 58330 | Depths:1 | Found Gosokl Wido's Antique Armour Shoppe.
 58411 | Depths:1 | Found a gateway to Hell.
 58446 | Depths:1 | Found a glowing silver altar of Zin.
 58548 | Depths:1 | Identified the +2 robe of the Slorg {rPois Will+}
 58768 | Depths:1 | Found a white marble altar of Elyvilon.
 58848 | Depths:1 | Found a portal to a secret trove of treasure.
 59388 | Depths:2 | Reached XP level 22. HP: 133/207 MP: 8/22
 59738 | Depths:2 | HP: 10/200 [polar bear[a spriggan berserker] (7)]
 60254 | Depths:2 | Found a one-way gate leading to the halls of Pandemonium.
 60491 | Depths:2 | Reached skill level 25 in Armour
 60550 | Depths:2 | Identified the +11 plate armour of Pantheism {Str-3 Int-3
                  | Dex+6 SInv}
 60550 | Depths:2 | Identified the +0 tower shield of the Dungeon {+Blink Will+
                  | Int+3}
 61032 | Depths:2 | Found an ancient bone altar of Kikubaaqudgha.
 61215 | Depths:3 | Found a sacrificial altar of Ru.
 61323 | Depths:3 | Found a transporter.
 61325 | Depths:3 | Noticed a golden dragon
 61460 | Depths:3 | Found a transporter.
 61627 | Depths:3 | Found a one-way gateway to a ziggurat.
 61668 | Depths:3 | Found a one-way gate to the infinite horrors of the Abyss.
 61668 | Depths:3 | Noticed Louise
 61678 | Depths:3 | Killed Louise
 62337 | Depths:2 | Identified the +7 quarterstaff "Laherem" {heavy, rC+ Str+4}
 62372 | Depths:4 | Entered Level 4 of the Depths
 62499 | Depths:4 | Noticed a caustic shrike
 62524 | Depths:4 | Killed a caustic shrike
 62723 | Depths:4 | Noticed a caustic shrike
 62727 | Depths:4 | Noticed a caustic shrike
 62730 | Depths:4 | Noticed a caustic shrike
 62736 | Depths:4 | Killed a caustic shrike
 62746 | Depths:4 | Killed a caustic shrike
 62756 | Depths:4 | Killed a caustic shrike
 62849 | Depths:4 | Reached XP level 23. HP: 213/222 MP: 14/23
 63026 | Depths:4 | Identified the +2 chain mail "Herymody" {Str+5 Int-4}
 63098 | Depths:4 | Reached skill level 26 in Armour
 63210 | Depths:4 | Identified the +7 lajatang "Wekaod" {heavy, Int+3 Dex+3}
 63322 | Depths:4 | Found a gate to the Realm of Zot.
 63519 | Depths:4 | Found Guog's Jewellery Shop.
 63519 | Depths:4 | Found Puvvo Kaxt's Book Shoppe.
 63521 | Depths:4 | Found Ydego's Jewellery Shop.
 64369 | Vaults:5 | Entered Level 5 of the Vaults
 64373 | Abyss:3  | Cast into level 3 of the Abyss (vault guard)
 64408 | Abyss:3  | Learned a level 1 spell: Apportation
 64416 | Abyss:3  | Learned a level 2 spell: Passwall
 64626 | Abyss:3  | Found a corrupted altar of Lugonu.
 64685 | Abyss:3  | Found a corrupted altar of Lugonu.
 64707 | Abyss:3  | Paralysed by accursed screaming for 2 turns
 64737 | Abyss:3  | Found a transporter.
 64745 | Abyss:3  | Found a transporter.
 64784 | Abyss:3  | Found a transporter.
 64809 | Abyss:3  | Identified the ring of Contention {Ice Str+4 Int+2}
 64855 | Vaults:5 | Escaped the Abyss
 64920 | Vaults:5 | Reached skill level 5 in Stealth
 64922 | Vaults:5 | Reached skill level 15 in Dodging
 65095 | Vaults:5 | Noticed a dread lich
 65115 | Vaults:5 | Killed a dread lich
 65484 | Vaults:5 | Noticed an ancient lich
 65585 | Vaults:4 | Killed an ancient lich
 65848 | Vaults:4 | Reached skill level 15 in Evocations
 66040 | Vaults:5 | Reached XP level 24. HP: 233/233 MP: 14/23
 66456 | Vaults:5 | Reached XP level 25. HP: 228/240 MP: 13/23
 66606 | Vaults:5 | Got a silver rune of Zot
 66707 | Vaults:5 | Found Rugipn's Assorted Antiques.
 66714 | Vaults:5 | Bought a scroll of summoning for 266 gold pieces
 66714 | Vaults:5 | Bought a potion of curing for 84 gold pieces
 66714 | Vaults:5 | Bought a scroll of summoning for 266 gold pieces
 67411 | Zot:1    | Entered Level 1 of the Realm of Zot
 67544 | Zot:1    | Noticed an orb of fire
 67559 | Zot:1    | Gained mutation: Your magical capacity is low. (-10% MP)
                  | [an orb of fire]
 67574 | Zot:1    | Gained mutation: You have a pair of large horns on your
                  | head. [an orb of fire]
 67578 | Zot:1    | Killed an orb of fire
 68094 | Zot:1    | Noticed an orb of fire
 68113 | Zot:1    | Gained mutation: You occasionally lose the ability to read
                  | scrolls when taking damage. [an orb of fire]
 68114 | Zot:1    | Gained mutation: Your spells are a little harder to cast,
                  | but a little more powerful. [an orb of fire]
 68118 | Zot:1    | Gained mutation: Potions are less effective at restoring
                  | your health. [an orb of fire]
 68126 | Zot:1    | Killed an orb of fire
 68129 | Zot:1    | Lost mutation: Your magical capacity is low. (-10% MP)
                  | [potion of mutation]
 68129 | Zot:1    | Lost mutation: Potions are less effective at restoring your
                  | health. [potion of mutation]
 68129 | Zot:1    | Lost mutation: You have a pair of large horns on your head.
                  | [potion of mutation]
 68129 | Zot:1    | Gained mutation: You have hidden genetic defects. [potion
                  | of mutation]
 68130 | Zot:1    | Lost mutation: Your spells are a little harder to cast, but
                  | a little more powerful. [potion of mutation]
 68130 | Zot:1    | Lost mutation: You have hidden genetic defects. [potion of
                  | mutation]
 68130 | Zot:1    | Lost mutation: You occasionally lose the ability to read
                  | scrolls when taking damage. [potion of mutation]
 68130 | Zot:1    | Gained mutation: You possess an exceptional clarity of
                  | mind. [potion of mutation]
 68130 | Zot:1    | Gained mutation: You passively map a small area around you.
                  | [potion of mutation]
 69203 | Zot:2    | Identified the +6 double sword of Yfam {drain, Fly Str+3
                  | Stlth-}
 69624 | Zot:2    | You fall into a shaft and drop 2 floors!
 69766 | Zot:4    | Noticed an orb of fire
 69797 | Zot:5    | Entered Level 5 of the Realm of Zot
 69804 | Zot:5    | HP: 8/243 [black draconian knight/bolt of lightning[a green
                  | draconian monk] (29)]
 70147 | Zot:4    | Gained mutation: Potions are less effective at restoring
                  | your health. [an orb of fire]
 70163 | Zot:4    | Killed an orb of fire
 70496 | Zot:4    | Found a large runed translucent door.
 70496 | Zot:4    | Found a large runed translucent door.
 70496 | Zot:4    | Noticed Xiuhytzi's ghost (adept MiFi)
 70733 | Zot:4    | Killed Xiuhytzi's ghost
 70986 | Zot:3    | Noticed an orb of fire
 70989 | Zot:3    | Gained mutation: You occasionally shout uncontrollably at
                  | your foes. [an orb of fire]
 71000 | Zot:3    | Gained mutation: Potions cannot restore your health. [an
                  | orb of fire]
 71011 | Zot:3    | Killed an orb of fire
 71044 | Zot:3    | Noticed an orb of fire
 71045 | Zot:3    | Gained mutation: Armour fits poorly on your strangely
                  | shaped body. [an orb of fire]
 71051 | Zot:3    | Gained mutation: You have very sharp teeth. [an orb of
                  | fire]
 71059 | Zot:3    | Gained mutation: You frequently scream uncontrollably at
                  | your foes. [an orb of fire]
 71068 | Zot:3    | Killed an orb of fire
 71069 | Zot:3    | Lost mutation: Armour fits poorly on your strangely shaped
                  | body. [potion of mutation]
 71069 | Zot:3    | Lost mutation: You passively map a small area around you.
                  | [potion of mutation]
 71069 | Zot:3    | Lost mutation: You frequently scream uncontrollably at your
                  | foes. [potion of mutation]
 71069 | Zot:3    | Gained mutation: You have large cloven feet. [potion of
                  | mutation]
 71070 | Zot:3    | Lost mutation: You occasionally shout uncontrollably at
                  | your foes. [potion of mutation]
 71070 | Zot:3    | Lost mutation: You have very sharp teeth. [potion of
                  | mutation]
 71070 | Zot:3    | Gained mutation: Your spells are a little harder to cast,
                  | but a little more powerful. [potion of mutation]
 71070 | Zot:3    | Lost mutation: You have large cloven feet. [potion of
                  | mutation]
 71070 | Zot:3    | Gained mutation: Your mind is acute. (Int +4, Str/Dex -1)
                  | [potion of mutation]
 71071 | Zot:3    | Lost mutation: Your spells are a little harder to cast, but
                  | a little more powerful. [potion of mutation]
 71071 | Zot:3    | Lost mutation: Your mind is acute. (Int +4, Str/Dex -1)
                  | [potion of mutation]
 71071 | Zot:3    | Lost mutation: You possess an exceptional clarity of mind.
                  | [potion of mutation]
 71071 | Zot:3    | Gained mutation: Your natural rate of healing is unusually
                  | fast. [potion of mutation]
 71071 | Zot:3    | Gained mutation: You are strong-willed. (Will+) [potion of
                  | mutation]
 71072 | Zot:3    | Lost mutation: Your natural rate of healing is unusually
                  | fast. [potion of mutation]
 71072 | Zot:3    | Lost mutation: Potions cannot restore your health. [potion
                  | of mutation]
 71072 | Zot:3    | Lost mutation: Potions are less effective at restoring your
                  | health. [potion of mutation]
 71072 | Zot:3    | Gained mutation: You are vulnerable to cold. (rC-) [potion
                  | of mutation]
 71072 | Zot:3    | Gained mutation: You expend magic power (3 MP) to
                  | strengthen your wands. [potion of mutation]
 71075 | Zot:3    | Lost mutation: You are strong-willed. (Will+) [potion of
                  | mutation]
 71075 | Zot:3    | Lost mutation: You are vulnerable to cold. (rC-) [potion of
                  | mutation]
 71075 | Zot:3    | Gained mutation: You have a somewhat thin skeletal
                  | structure. (Dex +2, Stealth+) [potion of mutation]
 71075 | Zot:3    | Gained mutation: You are strong-willed. (Will+) [potion of
                  | mutation]
 71102 | Zot:3    | Found a transporter.
 71310 | Zot:3    | Noticed an ancient lich
 71330 | Zot:3    | Noticed jt's ghost (legendary OgRe)
 71933 | Zot:3    | Found a transporter.
 72174 | Zot:3    | Reached skill level 27 in Armour
 72783 | Zot:3    | Killed from afar by an electric golem

Illustrated notes

Levels and vault maps discovered:
D:1:      elethiomel_arrival_shortcut, layout_loops_corners,
          kennysheep_small_spiral, hangedman_feature_mirror,
          chequers_serial_rivers_micro_a, minmay_misc_feat_room,
          minmay_pentomino_q2
D:2:      layout_basic, uniq_jessica
D:3:      layout_rooms, amethyst_overflow_temple_binary,
          ebering_ecumenical_altar_mist, roderic_lattice_a,
          minmay_pentomino_pile
D:4:      layout_basic, kennysheep_cross_bottleneck, minivault_5
D:5:      layout_basic, minmay_temple_entry_oklob, minmay_door_square,
          kennysheep_minor_cross, uniq_ijyb
D:6:      layout_cave_pods, wad_floor_pattern_2, dilly_guarded_unrand_throatcut,
          uniq_blork_the_orc
D:7:      layout_rooms, lemuel_crystal_altar,
          nicolae_overflow_hallway_of_the_gods, marbit_many_paths, uniq_duvessa
D:8:      layout_basic, erik_lair_orcish_takeover
D:9:      layout_cave_pools, lemuel_doored_altar
D:10:     layout_roguey, serial_shops, nicolae_shop_hallway_plus
D:11:     layout_rooms, nicolae_figureground_sparkle, uniq_psyche
D:12:     layout_basic, erik_orc_1, grunt_dithmenos_smoke
D:13:     nicolae_hexawheel, layout_loops_ring, david_vaults_2
D:14:     layout_roguey, serial_shops, shop_statue,
          nicolae_qazlal_eye_of_the_storm
D:15:     grunt_enter_depths_magical_seal, layout_small_grid, hex_tiny,
          grunt_ministairs_5, nicolae_two_hexagons
Temple:   nicolae_temple_ecumenical_triangle
Lair:1:   gammafunk_indiana_jones, layout_misc_corridors,
          nicolae_quartered_pool_little, uniq_maggie
Lair:2:   layout_hall_layers, elwin_shoals_entry_stream,
          minmay_snake_entry_guardpost_small, uniq_urug
Lair:3:   layout_gridlike, nicolae_lair_run_with_the_wolves,
          lemuel_fruit_fields, grunt_megastairs_3
Lair:4:   layout_regular_city, slime_entry_1, maelrawn_ghost_gauntlet_escape,
          lemuel_centaur_altar, lemuel_fruit_tree
Lair:5:   gammafunk_lair_ancient_temple, layout_loops_ring,
          serial_bayou_shore_a, infiniplex_staircase_pool
Shoals:1: layout_shoals, serial_shops, shop, nicolae_shoals_loop_pool
Shoals:2: layout_shoals, gammafunk_ghost_cemetery,
          nicolae_shoals_kraken_intersection
Shoals:3: layout_shoals, uniq_polyphemus
Shoals:4: shoals_end_grunt_ice, layout_shoals, shoals_ilsuiw_alternative
Snake:1:  layout_onion_interference
Snake:2:  layout_onion_interference, serial_shops,
          nicolae_shop_competitors_out_of_business, uniq_aizul, uniq_vashnia,
          uniq_saint_roka
Snake:3:  layout_basic, serial_shops, shop
Snake:4:  grunt_snake_rune_spirals, layout_onion_interference, serial_shops,
          shop_fountains, uniq_asterion
Orc:1:    layout_diamond_mine, serial_shops, shop
Orc:2:    hellmonk_orc_salted, layout_caves, nicolae_volcano_entry_s_turn
Elf:1:    nicolae_elf_arrival_no_cutting_in_line, layout_geoelf_grid,
          serial_shops, shop, hangedman_elf_disciples, grunt_ministairs_3,
          grunt_megastairs_1, uniq_jorgrun, uniq_donald, uniq_zenata
Elf:2:    nicolae_elf_blades_splatter_lattice [nicolae_blade_lattice],
          layout_gridlike, serial_shops, nicolae_shop_behind_doors
Elf:3:    elf_hall_gauntlet_wide, layout_geoelf_castle, minivault_14,
          hellmonk_guarded_unrand_damnation, uniq_roxanne
Vaults:1: gammafunk_ghost_ooze, v_misc_19, grunt_vaults_trifunnel, v_misc_22,
          v_rooms_1, v_misc_12, grunt_vaults_twisty, vaults_room_fours,
          nicolae_vaults_little_squares_3, v_alt_pattern_4,
          vaults_room_ringed_pool, v_misc_26, nicolae_vaults_theta,
          vaults_dpeg_encased_lava, grunt_vaults_diagonal, layout_vaults_omnibox
Vaults:2: ontoclasm_vaults_pinch, ontoclasm_vaults_gateway,
          ontoclasm_vaults_claustrophobia, ontoclasm_vaults_eye,
          nicolae_vaults_what_the_h, vaults_room_pool,
          vaults_dpeg_emergency_exit, layout_vaults_quadrants, serial_shops,
          nicolae_shop_hallway_stairs
Vaults:3: portal_desolation_entry_garden, vaults_room_door_hall, v_misc_12,
          ontoclasm_vaults_hangar, nicolae_vaults_big_angled_halls,
          vaults_mumra_chevron_long, ontoclasm_vaults_ligature,
          vaults_dpeg_cross, hangedman_vaults_restitches, v_alt_pattern_3,
          v_misc_19, nicolae_vaults_diagonal_hallway_6,
          minmay_crypt_entry_simple_box, vaults_room_pools,
          nicolae_vaults_gold_heap, layout_vaults_big_cross, uniq_frederick
Vaults:4: vaults_mumra_chevron, hangedman_vaults_stretched_pinwheel,
          st_more_cells, nicolae_vaults_disjoint_gnomons, ontoclasm_vaults_chip,
          vaults_standard_mumra_enter_the_diamond, v_misc_24,
          ontoclasm_vaults_ring_small, v_misc_13,
          nicolae_vaults_network_quinsquares
          [nicolae_vaults_network_quincunx_subvault,
          nicolae_vaults_network_quincunx_subvault,
          nicolae_vaults_network_quincunx_subvault,
          nicolae_vaults_network_quincunx_subvault], ontoclasm_vaults_tryst,
          serial_ice_g, v_misc_5, dpeg_vaults_monster_box,
          grunt_vaults_hallway_short, layout_vaults_ring
Vaults:5: serial_shops
Depths:1: layout_basic, elyvilon_altar_1, enter_trove_1, hell_entry,
          zin_statuary, minmay_shoptagon, serial_bayou_shore_b
Depths:2: lemuel_vampire_tower, layout_cave_pools, pan_entry,
          serial_bayou_pond_d, hell_entry, minmay_staircase_bubble,
          firewood_loft
Depths:3: gammafunk_sealed_arena, layout_gridlike, enter_ziggurat_f,
          kennysheep_flooded_box, nicolae_abyss_entry_one_way_or_another,
          hell_entry, minivault_1, nicolae_ru_sacrificial_ziggurat,
          infiniplex_staircase_zigzag_2
Depths:4: evilmike_zot_entry_gauntlet, layout_basic, lightli_too_deep,
          pan_entry, minmay_shop_grove
Zot:1:    layout_basic, zot_minivault_1
Zot:2:    nicolae_zot_draconian_monastery, layout_misc_corridors,
          nicolae_rock_paper_scissors
Zot:3:    layout_concentric_octagons, nzn_ghost_randoct, lemuel_lake_of_fire
Zot:4:    layout_onion_interference, ebering_ghost_disaster_area
Zot:5:    layout_basic

Skill      XL: |  1  2  3  4  5  6  7  8  9 10 11 12 13 14 15 16 17 18 19 20 21 22 23 24 25 |
---------------+----------------------------------------------------------------------------+-----
Long Blades    | 4 5 6 7 8 10 12 13 15 17 18 20 21 | 21.4
Armour         | 1 2 3 4 6 9 11 12 14 16 17 19 20 21 22 23 24 25 26 27 | 27.0
Stealth        | 2 3 6 7 9 |  9.8
Fighting       | 4 5 6 8 9 10 11 12 13 14 15 17 18 20 21 22 23 | 23.4
Invocations    | 1 2 |  2.0
Dodging        | 4 5 6 7 8 9 10 11 12 13 14 15 16 | 16.3
Evocations     | 4 5 7 9 11 13 15 16 | 16.9
Ranged Weapons | 14 19 20 21 22 | 22.0

Action                     |  1- 3 |  4- 6 |  7- 9 | 10-12 | 13-15 | 16-18 | 19-21 | 22-24 | 25-27 || total
---------------------------+-------+-------+-------+-------+-------+-------+-------+-------+-------++-------
  Melee: Falchion          |    71 |   157 |   198 |       |       |       |       |       |       ||   426
         Headbutt          |     8 |    28 |    68 |   111 |   327 |   464 |   768 |   317 |   189 ||  2280
         Punch             |       |     2 |     2 |    10 |    29 |    26 |    60 |    18 |    26 ||   173
         Long sword        |       |       |    80 |   498 |  1287 |       |       |       |       ||  1865
         Demon blade       |       |       |       |       |     9 |  1803 |  2299 |   838 |   586 ||  5535
         Bite              |       |       |       |       |       |       |       |       |     1 ||     1
   Fire: Longbow           |       |       |       |       |       |   183 |   460 |   614 |   181 ||  1438
         Arbalest          |       |       |       |       |       |     1 |       |     1 |    17 ||    19
  Throw: Throwing net      |       |       |       |     1 |       |       |       |       |       ||     1
 Invoke: Potion Petition   |       |       |       |       |       |    14 |     1 |     4 |     4 ||    23
  Evoke: Wand              |       |     1 |     1 |       |     2 |    34 |       |    11 |    11 ||    60
         Condenser vane    |       |       |       |       |       |       |     1 |     2 |       ||     3
    Use: Potion            |       |     4 |       |       |     3 |    14 |     2 |     4 |     8 ||    35
         Scroll            |       |       |     8 |     3 |    15 |    25 |     4 |    10 |     2 ||    67
   Stab: Sleeping          |     6 |    10 |       |       |       |       |       |       |       ||    16
         Distracted        |       |     1 |     2 |       |    10 |     3 |    14 |     8 |     1 ||    39
         Petrified         |       |       |       |       |       |     4 |       |       |       ||     4
         Invisible         |       |       |       |       |       |     3 |       |       |       ||     3
 Armour: Robe              |     9 |    24 |       |       |       |       |       |       |       ||    33
         Plate armour      |       |       |   177 |   389 |   728 |   725 |   501 |   352 |       ||  2872
         Gold dragon scale |       |       |       |       |       |   143 |   697 |   443 |   347 ||  1630
  Dodge: Dodged            |    39 |   103 |    70 |   463 |   882 |  1194 |  1005 |   519 |   246 ||  4521
  Block: Other             |       |       |       |       |       |   167 |   667 |   348 |   149 ||  1331

Table legend: (Time is in decaauts)
 A = Elapsed time spent in this place.
 B = Non-inter-level travel time spent in this place.
 C = Inter-level travel time spent in this place.
 D = Time resting spent in this place.
 E = Time spent auto-exploring this place.
 F = Levels seen in this place.
 G = Mean time per level.
                   A        B        C        D        E       F      G
               +--------+--------+--------+--------+--------+-----+--------+
         Total |  71663 |  65548 |   6115 |   7830 |  43712 |  51 | 1405.2 |
       Dungeon |  17723 |  15231 |   2492 |    680 |  12020 |  15 | 1181.5 |
        Temple |    325 |    325 |      0 |    275 |     28 |   1 |  325.0 |
          Lair |   7550 |   6990 |    560 |   1351 |   4514 |   5 | 1510.0 |
        Shoals |   9626 |   9298 |    328 |   2049 |   5681 |   4 | 2406.5 |
     Snake Pit |   6397 |   6022 |    375 |    630 |   3928 |   4 | 1599.2 |
  Orcish Mines |   1973 |   1616 |    357 |    477 |    710 |   2 |  986.5 |
   Elven Halls |   7283 |   6377 |    906 |    725 |   4294 |   3 | 2427.7 |
        Vaults |   8200 |   7676 |    524 |    399 |   5386 |   5 | 1640.0 |
        Depths |   5605 |   5215 |    390 |    549 |   3177 |   4 | 1401.2 |
           Zot |   5102 |   4923 |    179 |    535 |   3375 |   5 | 1020.4 |
         Abyss |    436 |    436 |      0 |      0 |     86 |   1 |  436.0 |
       Volcano |    387 |    387 |      0 |      0 |     33 |   1 |  387.0 |
    Desolation |   1049 |   1049 |      0 |    158 |    477 |   1 | 1049.0 |
               +--------+--------+--------+--------+--------+-----+--------+

Top non-repeatable levels by time:
Shoals:4: 3354 daAuts
   Elf:3: 2714 daAuts
 Snake:4: 2694 daAuts
Shoals:3: 2634 daAuts
   Elf:1: 2473 daAuts
  Lair:4: 2219 daAuts
Vaults:4: 2132 daAuts
   Elf:2: 2096 daAuts
Shoals:2: 2084 daAuts
    D:12: 1909 daAuts
   Orc:2: 1761 daAuts
   Zot:3: 1740 daAuts
  Lair:2: 1709 daAuts
Vaults:2: 1697 daAuts
   Zot:1: 1696 daAuts
